 Dungeon Crawl Stone Soup version 0.29.1-12-g30fa7ad0bf (webtiles) character file.

Game seed: 10388051203764319221

879 hawla the Chiller (level 8, 0/59 HPs)
             Began as a Meteoran Ice Elementalist on Dec 26, 2022.
             Shot with an arrow by a centaur (6 damage)
             ... on level 6 of the Dungeon.
             The game lasted 00:08:24 (1496 turns).

hawla the Chiller (Meteoran Ice Elementalist)       Turns: 1496, Time: 00:08:25

Health: 0/59       AC:  7    Str:  8 (9)  XL:     8   Next: 50%
Magic:  11/16      EV: 13    Int: 16 (19) God:
Gold:   181        SH:  0    Dex: 17 (18) Spells: 9/17 levels left

rFire   . . .      SeeInvis .   e - +4 club
rCold   . . .      Faith    .   (no shield)
rNeg    . . .      Spirit   .   a - +1 robe
rPois   .          Reflect  .   (no helmet)
rElec   .          Harm     .   (no cloak)
rCorr   .          Rampage  .   p - +2 pair of gloves {Dex+3}
Will    +....                   h - +0 pair of boots
Stlth   +.........              (no amulet)
HPRegen 0.19/turn               (no ring)
MPRegen 0.15/turn               (no ring)

@: glowing
A: sense surroundings 1, otherworldly, glowing, explore regen
a: no special abilities


You were on level 6 of the Dungeon.
You visited 1 branch of the dungeon, and saw 6 of its levels.

You collected 181 gold pieces.

Inventory:

Hand Weapons
 e - a +4 club (weapon)
Armour
 a - a +1 robe (worn)
 h - a +0 pair of boots (worn)
 p - a +2 pair of gloves of dexterity (worn)
Wands
 m - a wand of flame (18)
Scrolls
 j - a scroll of identify
 k - a scroll of immolation {unknown}
 l - 2 scrolls of fear {unknown}
 o - a scroll of teleportation {unknown}
 q - 2 scrolls of summoning {unknown}
 r - a scroll of enchant weapon {unknown}
Potions
 b - a potion of mutation
 c - a potion of curing
 f - a potion of ambrosia {unknown}
 g - 3 potions of heal wounds {unknown}
 n - a potion of lignification {unknown}
 s - a potion of haste {unknown}


   Skills:
 + Level 1.2 Fighting
 + Level 2.2 Maces & Flails
 + Level 3.4 Dodging
 - Level 1.4 Stealth
 + Level 5.1 Spellcasting
 + Level 5.8 Conjurations
 + Level 6.9 Ice Magic
 + Level 2.0 Evocations


You had 9 spell levels left.
You knew the following spells:

 Your Spells              Type           Power      Damage    Failure   Level
a - Freeze                Ice            100%       1d11      1%          1
b - Frozen Ramparts       Ice            52%        1d8       2%          3
c - Hailstorm             Conj/Ice       24%        3d7       11%         4

Your spell library contained the following spells:

 Spells                   Type           Power      Damage    Failure   Level
 Magic Dart               Conj           88%        1d7       1%          1
 Searing Ray              Conj           44%        2d6       1%          2
 Ozocubu's Armour         Ice            26%        N/A       2%          3
 Beastly Appendage        Tmut           8%         N/A       16%         1
 Sublimation of Blood     Necr           4%         N/A       22%         2
 Wereblood                Tmut           4%         N/A       22%         2
 Spider Form              Tmut/Pois      4%         N/A       41%         3
 Fulminant Prism          Conj/Hex       6%         3d7       41%         4
 Summon Hydra             Summ           2%         N/A       100%        7


Dungeon Overview and Level Annotations

Branches:
Dungeon (6/15) Zot: 2095
 Temple: D:4-7

Altars:
Qazlal
Ru
Sif Muna
Trog
Uskayaw


Innate Abilities, Weirdness & Mutations

You passively map a small area around you.
You are easily found by Zot.
You glow in the dark.
You regain HP and MP as you explore.


Message History

Confirm with . or Enter, or press ? or * to list all spells.
Aiming: Freeze (safe; 1% risk of failure)
Press: ? - help, Shift-Dir - straight line, f/p - steam dragon
Aim: a steam dragon (heavily wounded)
You freeze the steam dragon.
The steam dragon is severely wounded.
The steam dragon bites you. The steam dragon claws you.
The steam dragon bites you but does no damage.
The steam dragon claws you but does no damage.
Casting: Freeze (safe; 1% risk of failure)
Confirm with . or Enter, or press ? or * to list all spells.
Aiming: Freeze (safe; 1% risk of failure)
Press: ? - help, Shift-Dir - straight line, f/p - steam dragon
Aim: a steam dragon (severely wounded)
You freeze the steam dragon!
You kill the steam dragon!
Your Spellcasting skill increases to level 5!
Unknown command.
The centaur shouts!
You hear an angry hiss.
The centaur shoots an arrow.
The arrow hits you.
The centaur shoots an arrow.
The arrow barely misses you.
You see here 4 stones.
Okay, then.
As you read the scroll labelled CITZYB FO EFAR, it crumbles to dust.
It is a scroll of identify.
b - a potion of mutation The centaur shoots an arrow.
The arrow hits you.
As you read the scroll labelled HYMUISCHUNID, it crumbles to dust.
It is a scroll of enchant armour.
Your +0 robe glows green for a moment.
The centaur shoots an arrow.
The arrow hits you.
* * * LOW HITPOINT WARNING * * *
The centaur shoots an arrow.
The arrow misses you.
The centaur shoots an arrow.
The arrow hits you.
* * * LOW HITPOINT WARNING * * *
It was a potion of degeneration.
There was something very wrong with that liquid.
You feel weakened.
You feel dopey.
You feel clumsy.
The centaur shoots an arrow.
The arrow hits you.
You die...

, ,, ,, , ### ** , #.:. * *
, #...############ # * *
#..............##.# #.... ,,
...........$......# .#.#
#..............#*
*#..######..............####
#.........c....@(.........#
##........###...........##.#
..#......?# #...........#
#.c.......#########.#####*
.....?........ #.# *
#....c....#.#,* #.# *
..#.......# #.# ##......D.#,
* #.# *, #.#####S## #.#


You could see a centaur.

Vanquished Creatures
  A steam dragon (D:6)
  Duvessa (D:5)
  A black bear (D:6)
  An ogre (D:5)
  A bullfrog (D:6)
  2 scorpions
  Dowan (D:5)
  A howler monkey (D:4)
  A jelly (D:4)
  2 hounds
  An orc priest (D:5)
  An iguana (D:5)
  Jessica (D:2)
  An adder (D:4)
  A white imp (D:5)
  A dart slug (D:4)
  2 orcs (D:5)
  2 endoplasms
  2 giant cockroaches (D:4)
  4 goblins
  3 hobgoblins (D:4)
  2 jackals (D:4)
  A quokka (D:4)
  A ball python (D:4)
  A rat (D:1)
36 creatures vanquished.

Vanquished Creatures (others)
  A bullfrog (D:6)
  A hound (D:6)
2 creatures vanquished.

Grand Total: 38 creatures vanquished

Notes
Turn   | Place    | Note
-------+----------+-------------------------------------------
     0 | D:1      | hawla the Meteoran Ice Elementalist began the quest for the
                  | Orb.
     0 | D:1      | Reached XP level 1. HP: 14/14 MP: 5/5
    52 | D:2      | Noticed Jessica
    60 | D:2      | Killed Jessica
    61 | D:2      | Reached skill level 5 in Ice Magic
    61 | D:2      | Reached XP level 2. HP: 7/20 MP: 1/7
    61 | D:2      | Reached XP level 3. HP: 10/26 MP: 1/8
    72 | D:2      | Learned a level 3 spell: Frozen Ramparts
   132 | D:4      | Reached XP level 4. HP: 25/33 MP: 5/10
   137 | D:4      | Learned a level 4 spell: Hailstorm
   184 | D:4      | Reached skill level 1 in Conjurations
   253 | D:4      | Reached XP level 5. HP: 20/38 MP: 5/11
   296 | D:4      | Reached XP level 6. HP: 18/45 MP: 4/12
   677 | D:5      | Entered Level 5 of the Dungeon
   679 | D:5      | Noticed an ogre
   681 | D:5      | Reached skill level 5 in Conjurations
   715 | D:5      | Noticed Duvessa
   715 | D:5      | Noticed Dowan
   720 | D:5      | Killed Dowan
   724 | D:5      | Killed Duvessa
   725 | D:5      | Reached skill level 6 in Ice Magic
   725 | D:5      | Reached XP level 7. HP: 6/50 MP: 10/13
   760 | D:5      | Reached skill level 1 in Maces & Flails
   765 | D:5      | Found a hide-covered altar of Uskayaw.
   950 | D:5      | Found a shimmering blue altar of Sif Muna.
  1207 | D:5      | Found a faded altar of an unknown god.
  1207 | D:5      | Found a sacrificial altar of Ru.
  1214 | D:5      | Found a stormy altar of Qazlal.
  1216 | D:5      | Found a faded altar of an unknown god.
  1218 | D:5      | Found a bloodstained altar of Trog.
  1295 | D:6      | Noticed a water moccasin
  1298 | D:6      | Noticed a steam dragon
  1304 | D:6      | Reached XP level 8. HP: 18/58 MP: 11/15
  1456 | D:6      | Reached skill level 1 in Fighting
  1490 | D:6      | Killed a steam dragon
  1491 | D:6      | Reached skill level 5 in Spellcasting
  1496 | D:6      | Shot with an arrow by a centaur

Illustrated notes

Levels and vault maps discovered:
D:1:      heliophobic_arrival_glass_houses, layout_basic,
          dreamdust_ecumenical_altar_drowned_temple, amethyst_killhole,
          chequers_serial_rivers_small_3
D:2:      layout_rooms, uniq_jessica
D:3:      layout_basic, minmay_cupped
D:4:      layout_cave_pools
D:5:      layout_basic, chequers_temple_overflow_minitemple,
          chequers_temple_overflow_statue_of_worship, lemuel_flame_loot_1,
          uniq_duvessa
D:6:      layout_basic, nicolae_tso_carved_into_rock, yredelemnul_altar_generic,
          minmay_fractal_squares_diagonal_5

Skill      XL: |  1  2  3  4  5  6  7  8 |
---------------+-------------------------+-----
Spellcasting   | 3 4 5 |  5.1
Ice Magic      | 5 6 |  6.9
Conjurations   | 2 3 5 |  5.8
Maces & Flails | 1 2 |  2.2
Fighting       | 1 |  1.2
Dodging        | 3 |  3.4
Evocations     | 2 |  2.0
Stealth        | |  1.4

Action                   |  1- 3 |  4- 6 |  7- 9 || total
-------------------------+-------+-------+-------++-------
Melee: Unarmed           |     1 |       |       ||     1
       Club              |     2 |    21 |     9 ||    32
       Punch             |       |     1 |       ||     1
 Cast: Freeze            |     8 |    15 |    10 ||    33
       Frozen Ramparts   |     2 |     6 |     5 ||    13
       Hailstorm         |       |     5 |     4 ||     9
Evoke: Wand              |       |     1 |     2 ||     3
  Use: Potion            |       |     1 |     2 ||     3
       Scroll            |       |       |     2 ||     2
Armor: Robe              |       |     7 |    12 ||    19
Dodge: Dodged            |     2 |    24 |    24 ||    50
